 Dungeon Crawl Stone Soup version 0.17.1-3-g152610e (webtiles) character file.

56 DanteCalvez the Vexing (level 3, -4/24 HPs)
             Began as a Vampire Enchanter on Apr 14, 2016.
             Slain by Blunderbuss's ghost (11 damage)
             ... on level 3 of the Dungeon.
             The game lasted 00:03:36 (1645 turns).

DanteCalvez the Vexing (Vampire Enchanter)          Turns: 1645, Time: 00:03:37

Health: -4/24      AC:  3    Str:  8    XL:     3   Next: 69%
Magic:  5/7        EV: 12    Int: 17    God:
Gold:   126        SH:  0    Dex: 14    Spells: 3 memorised, 1 level left

rFire  . . .     SeeInvis +     a - +1 dagger
rCold  + . .     Clarity  .     b - +1 robe
rNeg   + + .     SustAt   .     (no shield)
rPois  +         Gourm    .     (no helmet)
rElec  .         Spirit   .     (no cloak)
rCorr  .         Warding  .     (no gloves)
rMut   .         Stasis   .     (no boots)
MR     .....                    (no amulet)
Stlth  +++.......               (no ring)
                                (no ring)

@: regenerating slowly, not resistant to hostile enchantments, fairly stealthy
A: fangs 3, see invisible, unbreathing
a: Bat Form


You were on level 3 of the Dungeon.
You were very thirsty.

You visited 1 branch of the dungeon, and saw 3 of its levels.

You collected 126 gold pieces.


Innate Abilities, Weirdness & Mutations

You heal slowly.
You have razor-sharp teeth.
You have supernaturally acute eyesight.
You can survive without breathing.


   Skills:
 - Level 1.1 Short Blades
 - Level 2.1 Dodging
 + Level 5.3 Stealth
 + Level 2.6 Spellcasting
 + Level 5.5 Hexes


You had one spell level left.
You knew the following spells:

 Your Spells              Type           Power        Failure   Level  Hunger
a - Corona                Hex            ###....      1%          1    #......
c - Confuse               Hex            ###.....     8%          3    ###....
s - Ensorcelled Hibernat  Hex/Ice        ##....       12%         2    ##.....

Inventory:

Hand Weapons
 a - a +1 dagger (weapon)
Armour
 b - a +1 robe (worn)
Jewellery
 o - an uncursed ring of magical power {unknown}
Scrolls
 d - a scroll of teleportation {unknown}
 e - a scroll of immolation {unknown}
 f - 2 scrolls of identify {unknown}
 i - a scroll of noise {unknown}
 j - 4 scrolls of random uselessness {unknown}
 l - 2 scrolls of magic mapping
 m - a scroll of recharging {unknown}
 n - a scroll of remove curse
Potions
 g - a potion of beneficial mutation {unknown}
 h - a potion of degeneration {unknown}
 k - a potion of heal wounds {unknown}
 p - a potion of might {unknown}
 q - 14 potions of blood {@q4}
Books
 c - a book of Maledictions

   Spells                             Type                      Level
   a - Corona                         Hexes                        1
   b - Ensorcelled Hibernation        Hexes/Ice                    2
   c - Confuse                        Hexes                        3
   d - Tukima's Dance                 Hexes                        3
   e - Dazzling Spray                 Conjuration/Hexes            3

Dungeon Overview and Level Annotations

Branches:
Dungeon (3/15)

Altars:
Trog

Annotations:
D:3 Blunderbuss's ghost, weakling GrGl

#....###
###.##.#
#....#
#....###
#..###
###....#
##..
#..#.# #.#
###..#.#
#...
#....!.#
###.###
###......#
#.W.#
#....##..#
#V###....#
..#
#.....####
.##
####### .#
.#


You could see Blunderbuss's ghost (confused).


Message History

You bite the rat, and draw its blood!
You feel slightly less thirsty.
You impale the rat!!
You kill the rat!
No target in view!
No target in view!
Found a scroll labeled WIGUJO QETEIWK.
You now have 126 gold pieces (gained 13).
j - 4 scrolls labeled WIGUJO QETEIWK (gained 1)
Found a sedimented inky potion.
Blunderbuss's ghost (weakling Gargoyle Gladiator) comes into view.
Blunderbuss's ghost is nearby!
Blunderbuss's ghost is nearby!
Blunderbuss's ghost is nearby!
Blunderbuss's ghost turns its malevolent gaze towards you.
Aiming: Confuse
Aim: Blunderbuss's ghost (chance to defeat MR: 50%) Blunderbuss's ghost appears confused.
Blunderbuss's ghost hits you!
You hit Blunderbuss's ghost but do no damage.
You hit Blunderbuss's ghost but do no damage.
You bite Blunderbuss's ghost.
Blunderbuss's ghost is lightly damaged.
Blunderbuss's ghost hits you!
You are too injured to fight recklessly!
You are too injured to fight recklessly!
You are too injured to fight recklessly!
You hit Blunderbuss's ghost but do no damage.
Blunderbuss's ghost is lightly damaged.
Blunderbuss's ghost hits you!
You die...

Action                   || total
-------------------------++-------
Melee: Dagger            ||   124
 Cast: Ensorcelled Hiber ||    14
       Confuse           ||     1
  Use: Scroll            ||     2
 Stab: Sleeping          ||    19

Vault maps used:
D:1:      wheals_arrival_shading
D:2:      bloody_trog, lightli_corner_chamber
D:3:      lemuel_crystal_altar, minmay_quantized

Notes
Turn   | Place    | Note
--------------------------------------------------------------
     0 | D:1      | DanteCalvez the Vampire Enchanter began the quest for the Orb.
     0 | D:1      | Reached XP level 1. HP: 13/13 MP: 3/3
   146 | D:1      | Reached XP level 2. HP: 16/19 MP: 5/5
   150 | D:1      | Learned a level 2 spell: Ensorcelled Hibernation
   730 | D:1      | Reached skill level 5 in Stealth
   792 | D:1      | Reached skill level 5 in Hexes
   899 | D:1      | Reached XP level 3. HP: 24/24 MP: 6/6
   949 | D:2      | Learned a level 3 spell: Confuse
  1303 | D:2      | Found a bloodstained altar of Trog.
  1633 | D:3      | Noticed Blunderbuss's ghost (weakling GrGl)
  1645 | D:3      | Slain by Blunderbuss's ghost

Vanquished Creatures
  An adder (D:2)
  An ooze (D:2)
  2 giant geckos
  7 goblins
  8 hobgoblins
  5 kobolds
  4 bats (D:1)
  A giant newt (D:2)
  11 rats
40 creatures vanquished.
